 Dungeon Crawl Stone Soup version 0.17-a0-1719-g1afd5a1 (webtiles) character file.

599 Enroth the Slinger (level 7, -4/45 HPs)
             Began as a Halfling Hunter on Aug 27, 2015.
             Was an Initiate of Qazlal.
             Slain by an iguana (14 damage)
             ... while paralysed by Grinder
             ... on level 5 of the Dungeon.
             The game lasted 00:12:40 (3435 turns).

Enroth the Slinger (Halfling Hunter)                Turns: 3435, Time: 00:12:40

Health: -4/45      AC:  3    Str: 12    XL:     7   Next: 68%
Magic:  7/7        EV:  3    Int: 10    God:    Qazlal [......]
Gold:   262        SH:  0    Dex: 17    Spells: 0 memorised, 6 levels left

rFire  . . .     SeeInvis .     a - +1 hunting sling
rCold  . . .     Clarity  .     d - +0 leather armour
rNeg   . . .     SustAt   .     (shield restricted)
rPois  .         Gourm    .     (no helmet)
rElec  .         Spirit   .     (no cloak)
rCorr  .         Warding  .     (no gloves)
rMut   .         Stasis   .     (no boots)
MR     .....                    (no amulet)
Stlth  ++........               (no ring)
                                (no ring)

@: paralysed, not resistant to hostile enchantments, unstealthy
A: mutation resistance 1
a: Renounce Religion


You were on level 5 of the Dungeon.
You worshipped Qazlal.
Qazlal was noncommittal.
You were not hungry.

You visited 1 branch of the dungeon, and saw 5 of its levels.

You collected 262 gold pieces.

Inventory:

Hand weapons
 a - a +1 hunting sling (weapon)
 c - a +0 short sword
Missiles
 b - 54 sling bullets
 g - 72 stones (quivered)
Armour
 d - a +0 leather armour (worn)
Scrolls
 h - 4 scrolls of teleportation
 m - 2 scrolls of remove curse
 r - a scroll of recharging {unknown}
 s - 2 scrolls of enchant armour {unknown}
 t - a scroll of enchant weapon {unknown}
Potions
 f - 2 potions of might
 j - 4 potions of curing
 k - a potion of flight {unknown}
 p - a potion of lignification
Comestibles
 e - 4 bread rations
 i - 2 meat rations
 u - 11 fruits


   Skills:
 + Level 2.1 Fighting
 + Level 11.2 Slings
 + Level 2.0 Armour
 + Level 3.0 Dodging
 + Level 1.9 Stealth


You had 6 spell levels left.
You didn't know any spells.

Dungeon Overview and Level Annotations

Branches:
Dungeon (5/15)
 Temple: D:4-7

Altars:
Cheibriados
Nemelex Xobeh
Qazlal
Zin
The Shining One

Annotations:
D:5 Grinder


Innate Abilities, Weirdness & Mutations

You are small and have problems with some larger weapons.
You are somewhat resistant to further mutation.


Message History

Press: ? - help, Shift-Dir - straight line, f/p - Grinder
Aim: Grinder (heavily wounded)
You shoot a stone. The stone closely misses Grinder.
The iguana misses you.
Firing (i - inventory. (,) - cycle):
g - 73 stones (quivered)
Press: ? - help, Shift-Dir - straight line, f/p - Grinder
Aim: Grinder (heavily wounded)
You shoot a stone. The stone hits Grinder.
Grinder is heavily wounded.
Grinder gestures at you.
You suddenly lose the ability to move!
The iguana bites you.
Grinder gestures.
Grinder blinks!
The iguana bites you!
The iguana hisses menacingly.
The iguana bites you but does no damage.
The iguana bites you!
* * * LOW HITPOINT WARNING * * *
The iguana bites you!
You die...

.....+......### '...
.....#.###'###. #...
....#+#.....## # #.5.
.............. (. #(..
##.......... ...#(..
+...)...... .(.'.(.
#...##+###' ##(#...##
#...# '..
#....(l@####.#...##+####
'.......'....+..........
#.......#.####..........
....#+###.##............
... +......+.........#+#
.. ######'#.........+ #
#...#####....# +...#
####.. #.>.# ...


You could see Grinder and an iguana.

Vanquished Creatures
  Edmund (D:5)
  2 phantoms (D:5)
  A scorpion (D:5)
  A crimson imp (D:5)
  An iguana (D:4)
  4 worker ants (D:4)
  4 adders
  An adder zombie (D:5)
  2 giant geckos (D:2)
  An orc (D:5)
  6 bats
  8 giant cockroaches
  5 goblins
  7 hobgoblins
  3 jackals (D:4)
  9 kobolds
  2 quokkas
  2 ball pythons
  5 giant newts
  3 rats
68 creatures vanquished.

Notes
Turn   | Place    | Note
--------------------------------------------------------------
     0 | D:1      | Enroth the Halfling Hunter began the quest for the Orb.
     0 | D:1      | Reached XP level 1. HP: 14/14 MP: 1/1
    94 | D:1      | Reached skill level 6 in Slings
   240 | D:1      | Reached XP level 2. HP: 19/19 MP: 2/2
   831 | D:1      | Found a glowing golden altar of the Shining One.
   892 | D:2      | Reached skill level 7 in Slings
   892 | D:2      | Reached XP level 3. HP: 13/24 MP: 3/3
  1210 | D:2      | Reached XP level 4. HP: 19/29 MP: 4/4
  1438 | D:2      | Found a snail-covered altar of Cheibriados.
  1826 | D:3      | Found a stormy altar of Qazlal.
  1851 | D:3      | Became a worshipper of Qazlal Stormbringer
  2228 | D:3      | Found a glowing silver altar of Zin.
  2320 | D:4      | Reached skill level 8 in Slings
  2320 | D:4      | Reached XP level 5. HP: 34/34 MP: 5/5
  2616 | D:4      | Reached skill level 1 in Armour
  2770 | D:4      | Found a sparkling altar of Nemelex Xobeh.
  2826 | D:4      | Reached skill level 9 in Slings
  2862 | D:4      | Reached XP level 6. HP: 22/39 MP: 6/6
  2945 | D:5      | Entered Level 5 of the Dungeon
  3140 | D:5      | Reached skill level 10 in Slings
  3148 | D:5      | Reached XP level 7. HP: 17/45 MP: 7/7
  3193 | D:5      | Noticed Edmund
  3235 | D:5      | Killed Edmund
  3317 | D:5      | Reached skill level 11 in Slings
  3419 | D:5      | Noticed Grinder
  3430 | D:5      | Paralysed by Grinder for 6 turns
  3435 | D:5      | Slain by an iguana

Vault maps used:
D:1:      ncdulo_lavacross, tso_altar
D:2:      cheibriados_altar_1
D:3:      kennysheep_six_static_rooms, overflow_temple_1_default,
          nicolae_overflow_crystal_walls
D:4:      nemelex_diamond_rough_becter
D:5:      first_bread, uniq_edmund, uniq_grinder

Action                   |  1- 3 |  4- 6 |  7- 9 || total
-------------------------+-------+-------+-------++-------
 Fire: Hunting sling     |    77 |   180 |    74 ||   331
  Use: Scroll            |     3 |       |     1 ||     4
       Potion            |     2 |       |     6 ||     8
  Eat: Chunk             |       |     6 |       ||     6
       Royal jelly       |       |       |     1 ||     1
